 Seeded DCSS version 0.31-a0-848-gaac375c (webtiles) character file.

Game seed: 8498966264943689616 (custom seed)

21491 edsrzf the Destroyer (level 12, 0/68 HPs)
             Began as a Deep Elf Reaver on Oct 4, 2023.
             Was an Elder of Sif Muna.
             Slain by a wolf (4 damage)
             ... on level 2 of the Lair of Beasts.
             The game lasted 00:50:23 (16458 turns).

edsrzf the Destroyer (Deep Elf Reaver)             Turns: 16458, Time: 00:50:24

Health: 0/68       AC: 11    Str:  9    XL:     12   Next: 54%
Magic:  0/28       EV: 14    Int: 28    God:    Sif Muna [****..]
Gold:   838        SH:  0    Dex: 17    Spells: 8/31 levels left

rFire   . . .        a - +2 rapier of Ezufuhoa {freeze, Int+4 Dex+4}
rCold   . . .        (no shield)
rNeg    . . .        A - +0 troll leather armour
rPois   +            G - +0 helmet
rElec   .            o - +0 cloak
rCorr   .            j - +2 pair of gloves
SInv    .            P - +2 pair of boots
Will    +....        h - amulet of guardian spirit
Stlth   ++++         H - ring of poison resistance
HPRegen 1.11/turn    L - ring of wizardry
MPRegen 0.21/turn

%: guardian spirit, wizardry (x1)
@: freezing walls
A: no striking features
a: Renounce Religion, Channel Magic, Forget Spell, Divine Exegesis


You were on level 2 of the Lair of Beasts.
You worshipped Sif Muna.
Sif Muna was greatly pleased with you.
You visited 2 branches of the dungeon, and saw 14 of its levels.
You also visited: Gauntlet.

You collected 838 gold pieces.

Inventory:

Hand Weapons
 a - the +2 rapier of Ezufuhoa (weapon) {freeze, Int+4 Dex+4}
   (You found it in a Gauntlet)

   Int+4:     It affects your intelligence (+4).
   Dex+4:     It affects your dexterity (+4).
 b - a +2 dagger of venom
 D - a +2 dagger of speed
Missiles
 r - 59 poisoned darts
 C - 3 curare-tipped darts
Armour
 c - the +0 pair of boots "Fitax" {rPois rF+}
   (You found it in a Gauntlet)

   rF+:       It protects you from fire.
   rPois:     It protects you from poison
 f - an orb of guile
 j - a +2 pair of gloves (worn)
 o - a +0 cloak (worn)
 t - a +0 robe of fire resistance
 A - a +0 troll leather armour (worn)
 G - a +0 helmet (worn)
 J - the +2 hood of the Assassin {Detect Stab+ Stlth++}
   (You found it in a Gauntlet)

   Detect:    It allows the wearer to sense nearby creatures.
   Stab+:     It allows the wearer to make particularly effective stabbing
   attacks against helpless or unaware enemies with any weapon.
   Stlth++:   It makes you much more stealthy.
 P - a +2 pair of boots (worn)
Magical Staves
 z - a staff of conjuration
Jewellery
 h - an amulet of guardian spirit (around neck)
 E - a ring of fire
 H - a ring of poison resistance (left hand)
 L - a ring of wizardry (right hand)
 R - a ring of fire
 T - an amulet of faith {!P}
Wands
 p - a wand of flame (23)
 w - a wand of iceblast (16)
 N - a wand of acid (6)
Scrolls
 e - 2 scrolls of revelation
 g - 2 scrolls of vulnerability
 k - 2 scrolls of immolation
 l - 4 scrolls of fog
 n - a scroll of enchant weapon {unknown}
 q - a scroll of amnesia {unknown}
 u - a scroll of torment {!r}
 v - 7 scrolls of teleportation {@r3}
 x - a scroll of noise {unknown}
 y - a scroll of silence {unknown}
 F - 3 scrolls of blinking {unknown}
 I - 2 scrolls of enchant armour {unknown}
 O - 3 scrolls of poison {unknown}
Potions
 d - 5 potions of heal wounds
 i - 2 potions of magic
 m - a potion of lignification
 s - 6 potions of curing
 B - 2 potions of enlightenment
 K - 2 potions of berserk rage {!q}
 M - 2 potions of mutation {!q}
 Q - a potion of cancellation
 U - a potion of brilliance
 V - a potion of invisibility


   Skills:
 + Level 5.2 Fighting
 - Level 6.8(8.3) Short Blades
 + Level 6.7(7.9) Long Blades
 - Level 5.0 Dodging
 - Level 10.0 Stealth
 - Level 10.0 Spellcasting
 - Level 10.0 Conjurations
 - Level 6.3 Hexes
 - Level 4.0 Necromancy
 - Level 2.0 Translocations
 - Level 9.0 Transmutations
 - Level 4.2 Ice Magic


You had 8 spell levels left.
You knew the following spells:

 Your Spells              Type           Power      Damage    Failure   Level
a - Kiss of Death         Conj/Necr      100%       2d13      1%          1
b - Momentum Strike       Conj/Tloc      94%        3d10      1%          2
d - Tukima's Dance        Hex            49%        N/A       1%          3
e - Magic Dart            Conj           100%       1d8       1%          1
f - Frozen Ramparts       Ice            74%        1d12      1%          3
h - Hailstorm             Conj/Ice       52%        3d12      1%          3
r - Searing Ray           Conj           100%       2d8       1%          2
v - Vampiric Draining     Necr           36%        2d8       1%          3
y - Yara's Violent Unrav  Hex/Tmut       27%        3d12      2%          5

Your spell library contained the following spells:

 Spells                   Type           Power      Damage    Failure   Level
 Freeze                   Ice            100%       1d10      1%          1
 Necrotise                Necr           100%       1d9       1%          1
 Blink                    Tloc           50%        N/A       1%          2
 Dazzling Flash           Conj/Hex       100%       N/A       1%          3
 Fulminant Prism          Conj/Hex       28%        3d14      1%          4
 Volatile Blastmotes      Fire/Tloc      38%        2d13      4%          3
 Dimensional Bullseye     Hex/Tloc       18%        N/A       4%          4
 Dispel Undead            Necr           36%        3d15      4%          4
 Passage of Golubria      Tloc           25%        N/A       10%         4
 Summon Ice Beast         Ice/Summ       25%        N/A       10%         4
 Agony                    Necr           36%        N/A       12%         5
 Summon Mana Viper        Hex/Summ       31%        N/A       17%         5
 Starburst                Conj/Fire      21%        6d7       38%         6
 Simulacrum               Ice/Necr       18%        N/A       52%         6
 Haunt                    Necr/Summ      12%        N/A       100%        7
 Malign Gateway           Summ/Tloc      9%         N/A       100%        7
 Monstrous Menagerie      Summ           7%         N/A       100%        7
 Disjunction              Tloc           12%        N/A       100%        8
 Maxwell's Capacitive Co  Air            7%         ∞         100%        8


Dungeon Overview and Level Annotations

Branches:
Dungeon (12/15)            Temple (0/1) D:6            Lair (2/5) D:8
    Orc (0/2) D:10        Gauntlet (visited)
  Swamp: Lair:2-3    Shoals: Lair:2-3     Snake: Lair:2-3    Spider: Lair:2-3

Altars:
Cheibriados
Kikubaaqudgha
Nemelex Xobeh
Okawaru
Qazlal
Sif Muna
Zin
The Shining One

Shops:
D:6 (*

Annotations:
Lair:2 exclusion: hydra


Message History

You hit the elephant. You freeze the elephant.
The elephant is almost dead.
The elephant tramples you.
You hold your ground!
The elephant trunk-slaps you but does no damage.
You hit the elephant. You freeze the elephant.
You kill the elephant!
Sif Muna accepts your kill.
Your Fighting skill increases to level 5!
Unknown command.
You start resting.
HP restored.
Magic restored.
You see here an elephant corpse.
r - 59 poisoned darts (gained 3)
A black mamba comes into view.
The black mamba hisses angrily.
The magic dart hits the black mamba but does no damage.
A wolf comes into view.
The magic dart hits the black mamba.
The black mamba is lightly wounded.
The wolf howls!
The magic dart hits the black mamba.
The black mamba is lightly wounded.
The black mamba bites you.
You barely miss the black mamba. Your punch misses the black mamba.
The black mamba is lightly wounded.
The black mamba bites you.
You puncture the black mamba!
The black mamba seems to slow down.
You freeze the black mamba.
The black mamba is heavily wounded.
The black mamba bites you.
Casting: Magic Dart (safe; 1% risk of failure)
Confirm with . or Enter, or press ? or * to list all spells.
Casting: Frozen Ramparts (safe; 1% risk of failure)
Press: ? - help, Dir - look around, f - activate
Okay, then.
You closely miss the black mamba.
The black mamba is heavily wounded.
The black mamba is no longer moving slowly.
The wolf bites you. The black mamba bites you!
You barely miss the black mamba.
The black mamba is heavily wounded.
The wolf closely misses you.
The black mamba bites you but does no damage.
The black mamba barely misses you. The wolf barely misses you.
You completely miss the black mamba.
The black mamba is heavily wounded.
The black mamba bites you! The wolf bites you but does no damage.
You barely miss the black mamba.
The black mamba is heavily wounded.
The black mamba bites you but does no damage.
The wolf closely misses you. The black mamba bites you!
You completely miss the black mamba.
The black mamba is heavily wounded.
The wolf closely misses you. The black mamba closely misses you.
The wolf bites you but does no damage.
An elephant comes into view.
You barely miss the black mamba.
The black mamba is heavily wounded.
The black mamba closely misses you. The wolf bites you but does no damage.
The black mamba barely misses you.
The black mamba attacks as it pursues you!
The black mamba bites you but does no damage.
The black mamba bites you! The black mamba misses you.
The wolf barely misses you.
Casting: Frozen Ramparts (safe; 1% risk of failure)
Confirm with . or Enter, or press ? or * to list all spells.
Casting: Frozen Ramparts (safe; 1% risk of failure)
Press: ? - help, Dir - look around, f - activate The walls around you are covered in ice.
The wall freezes the black mamba but does no damage.
The black mamba completely misses you.
The wall freezes the wolf.
The wolf closely misses you.
The wall freezes the black mamba.
The black mamba bites you.
The wall freezes the wolf.
The wolf closely misses you.
You puncture the black mamba! You freeze the black mamba.
The black mamba is almost dead.
The wall freezes the black mamba.
The black mamba bites you!
The wall freezes the wolf.
The wolf bites you!
* * * LOW HITPOINT WARNING * * *
The wall freezes the black mamba.
The black mamba seems to slow down.
The black mamba bites you!
* * * LOW HITPOINT WARNING * * *
You closely miss the black mamba.
The black mamba is almost dead.
The wall freezes the wolf.
The wolf bites you but does no damage.
The wall freezes the black mamba.
You kill the black mamba!
Sif Muna accepts your kill.
You miss the wolf.
The wolf is severely wounded.
The wall freezes the wolf.
The wolf bites you!
* * * LOW HITPOINT WARNING * * *
The wall freezes the wolf.
The wolf bites you!
* * * LOW HITPOINT WARNING * * *
You miss the wolf.
The wolf is severely wounded.
The wall freezes the wolf.
The wolf bites you.
You die...

(.#..#+....)..........~~~≈Y~
.. ..###...........~~≈≈≈≈
.....###.........~~≈≈≈≈
................~~~≈≈≈
.#.#.............~~~~~
....#####.........~~~~ .#.
##....♣....... ..
##h..♣P...... #
#@†.♣♣♣P..... ##...♣ ♣♣P...
P..♣♣ .P.. ##...♣ ♣P♣ .....♣
♣♣ #....... .........
.........


You could see a wolf.

Vanquished Creatures
  A minotaur (Gauntlet)
  A hydra (Lair:2)
  A boulder beetle (D:11)
  2 two-headed ogres (D:11)
  A tengu warrior (Gauntlet)
  Pikel (D:7)
  An ugly thing (Gauntlet)
  A shining eye (Gauntlet)
  A manticore (D:11)
  An elephant (Lair:2)
  A black mamba (Lair:2)
  A torpor snail (Lair:2)
  A kobold demonologist (D:10)
  A cane toad (Lair:1)
  Jeremiah (D:9)
  2 tengu conjurers (Gauntlet)
  2 komodo dragons
  A polar bear (Lair:2)
  3 trolls
  10 blink frogs (Lair:2)
  Prince Ribbit (D:8)
  A shadow (D:11)
  Sigmund (D:3)
  A wyvern (D:10)
  2 wraiths
  A golden eye (Gauntlet)
  17 yaks
  A basilisk (Lair:1)
  2 vampire mosquitoes (D:10)
  Grum (D:8)
  2 steam dragons (D:10)
  2 wargs (D:10)
  9 water moccasins
  2 acid dragons
  A floating eye (Gauntlet)
  An orc warrior (D:8)
  An ice beast (D:5)
  A sky beast (D:6)
  2 ogres
  9 wolves
  11 centaurs
  A phantom (D:5)
  A lemure (D:7)
  5 kobold brigands
  5 bullfrogs
  8 wights
  15 killer bees
  An electric eel (D:8)
  3 howler monkeys (D:9)
  4 hounds
  2 jellies
  7 orc priests
  Crazy Yiuf (D:7)
  8 orc wizards
  4 adders
  11 gnolls
  2 shadow imps
  A white imp (D:8)
  2 ufetubi
  2 worms (D:4)
  5 dart slugs
  23 orcs
  5 ball pythons
  5 bats
  5 endoplasms
  6 giant cockroaches
  6 goblins
  7 hobgoblins
  2 frilled lizards (D:2)
  32 kobolds
  6 rats
288 creatures vanquished.

Vanquished Creatures (others)
  3 dancing weapons
  An orc wizard (D:4)
4 creatures vanquished.

Grand Total: 292 creatures vanquished

Notes
Turn   | Place    | Note
-------+----------+-------------------------------------------
     0 | D:1      | edsrzf the Deep Elf Reaver began the quest for the Orb.
     0 | D:1      | Reached XP level 1. HP: 12/12 MP: 6/6
   186 | D:1      | Reached skill level 1 in Stealth
   227 | D:1      | Reached XP level 2. HP: 13/16 MP: 8/8
   269 | D:1      | Learned a level 2 spell: Momentum Strike
   425 | D:1      | Reached skill level 2 in Stealth
   568 | D:1      | Reached XP level 3. HP: 18/19 MP: 9/9
   572 | D:1      | Learned a level 3 spell: Hailstorm
  1023 | D:2      | Reached skill level 3 in Stealth
  1182 | D:2      | Reached skill level 4 in Short Blades
  1209 | D:2      | Learned a level 1 spell: Magic Dart
  1511 | D:3      | Reached XP level 4. HP: 20/20 MP: 10/10
  1601 | D:3      | Learned a level 2 spell: Searing Ray
  1760 | D:3      | Found a faded altar of an unknown god.
  2099 | D:3      | HP: 1/23 [poisoned by a kobold]
  2325 | D:3      | Noticed Sigmund
  2328 | D:3      | Killed Sigmund
  2329 | D:3      | Reached skill level 5 in Spellcasting
  2329 | D:3      | Reached skill level 4 in Conjurations
  2329 | D:3      | Reached XP level 5. HP: 21/29 MP: 8/14
  2329 | D:3      | Reached XP level 6. HP: 25/34 MP: 8/15
  2397 | D:3      | Found a sparkling altar of Nemelex Xobeh.
  2430 | D:3      | Identified 4 scrolls of identify
  2430 | D:3      | Identified a potion of curing
  2431 | D:3      | Identified a potion of berserk rage
  2432 | D:3      | Identified a potion of lignification
  2433 | D:3      | Identified 4 potions of heal wounds
  2563 | D:4      | Reached skill level 5 in Conjurations
  2873 | D:4      | Found a shimmering blue altar of Sif Muna.
  2887 | D:4      | Reached skill level 1 in Necromancy
  2890 | D:4      | Reached skill level 1 in Translocations
  2904 | D:4      | Became a worshipper of Sif Muna the Loreminder
  2997 | D:4      | Reached skill level 6 in Spellcasting
  2997 | D:4      | Reached skill level 2 in Necromancy
  3114 | D:4      | Reached skill level 2 in Translocations
  3401 | D:4      | Reached XP level 7. HP: 38/38 MP: 14/18
  3452 | D:5      | Entered Level 5 of the Dungeon
  3495 | D:5      | Reached skill level 1 in Ice Magic
  3754 | D:5      | Reached skill level 3 in Necromancy
  3811 | D:5      | Reached skill level 2 in Ice Magic
  3924 | D:5      | Reached skill level 7 in Spellcasting
  4109 | D:5      | Identified 2 potions of magic
  4164 | D:5      | Reached skill level 4 in Necromancy
  4282 | D:6      | Reached skill level 2 in Fighting
  4282 | D:6      | Reached skill level 3 in Ice Magic
  4306 | D:6      | Reached XP level 8. HP: 34/44 MP: 9/20
  4394 | D:6      | Noticed a troll
  4400 | D:6      | Reached skill level 4 in Ice Magic
  4423 | D:6      | Reached skill level 3 in Dodging
  4423 | D:6      | Reached skill level 6 in Conjurations
  4450 | D:6      | Identified 4 scrolls of fog
  4451 | D:6      | Identified 3 scrolls of vulnerability
  4452 | D:6      | Identified 2 scrolls of revelation
  4453 | D:6      | Identified 2 scrolls of immolation
  4454 | D:6      | Identified 2 scrolls of torment
  4455 | D:6      | Killed a troll
  4456 | D:6      | Reached skill level 4 in Dodging
  4685 | D:6      | Found Zin's Purification Station.
  4688 | D:6      | Found a glowing silver altar of Zin.
  4707 | D:6      | Reached * piety under Sif Muna
  4759 | D:6      | Reached skill level 5 in Dodging
  4759 | D:6      | Reached skill level 7 in Conjurations
  4787 | D:6      | Reached skill level 4 in Stealth
  5075 | D:6      | Found a staircase to the Ecumenical Temple.
  5107 | D:6      | Identified the +9 dire flail of Doom {heavy, Drain rPois
                  | rF- rN+++}
  5108 | D:6      | Found Ymiqergha's Weapon Shoppe.
  5399 | D:6      | Reached skill level 5 in Stealth
  5399 | D:6      | Reached XP level 9. HP: 21/48 MP: 6/21
  5745 | D:6      | Learned a level 3 spell: Frozen Ramparts
  5808 | D:7      | Noticed Pikel
  5840 | D:7      | Killed Pikel
  5841 | D:7      | Reached skill level 6 in Stealth
  5841 | D:7      | Reached skill level 8 in Conjurations
  6320 | D:7      | Reached skill level 7 in Stealth
  6561 | D:7      | Learned a level 3 spell: Vampiric Draining
  6604 | D:7      | Found a stormy altar of Qazlal.
  6719 | D:7      | Reached skill level 9 in Conjurations
  7031 | D:7      | Found a runed translucent door.
  7032 | D:7      | Noticed Crazy Yiuf
  7038 | D:7      | Killed Crazy Yiuf
  7112 | D:8      | Found a snail-covered altar of Cheibriados.
  7163 | D:8      | Reached ** piety under Sif Muna
  7254 | D:8      | Reached skill level 8 in Stealth
  7297 | D:8      | Learned a level 3 spell: Tukima's Dance
  7315 | D:8      | Noticed a troll
  7322 | D:8      | Killed a troll
  7411 | D:8      | Identified a potion of haste
  7412 | D:8      | Identified a potion of mutation
  7507 | D:8      | Found a staircase to the Lair.
  7731 | D:8      | Reached skill level 9 in Stealth
  7731 | D:8      | Reached skill level 10 in Conjurations
  7841 | D:8      | Reached skill level 1 in Hexes
  7890 | D:8      | Reached XP level 10. HP: 50/53 MP: 5/22
  8011 | D:8      | Noticed Grum
  8019 | D:8      | Reached skill level 2 in Hexes
  8088 | D:8      | Killed Grum
  8089 | D:8      | Reached skill level 3 in Hexes
  8237 | D:8      | Noticed Prince Ribbit
  8245 | D:8      | Killed Prince Ribbit
  8254 | D:8      | Reached skill level 10 in Stealth
  8254 | D:8      | Reached skill level 4 in Hexes
  8424 | D:8      | Found an iron altar of Okawaru.
  8761 | D:9      | Reached *** piety under Sif Muna
  8796 | D:9      | Reached skill level 5 in Hexes
  8826 | D:9      | Identified 2 scrolls of fear
  8827 | D:9      | Identified 2 scrolls of teleportation
  9085 | D:9      | Reached skill level 8 in Spellcasting
  9893 | D:9      | Reached skill level 6 in Hexes
 10002 | D:9      | Learned a level 5 spell: Yara's Violent Unravelling
 10044 | D:9      | Noticed Jeremiah
 10083 | D:9      | Killed Jeremiah
 10084 | D:9      | Reached skill level 1 in Transmutations
 10218 | D:10     | Entered Level 10 of the Dungeon
 10226 | D:10     | Reached skill level 9 in Spellcasting
 10226 | D:10     | Reached skill level 2 in Transmutations
 10554 | D:10     | Reached skill level 3 in Transmutations
 10747 | D:10     | Found a staircase to the Orcish Mines.
 10794 | D:10     | Reached skill level 4 in Transmutations
 10798 | D:10     | Reached skill level 10 in Spellcasting
 11072 | D:10     | Identified a potion of degeneration
 11073 | D:10     | Identified a potion of cancellation
 11193 | D:10     | Reached XP level 11. HP: 44/57 MP: 6/27
 11508 | D:10     | Found a glowing golden altar of the Shining One.
 11746 | D:11     | Noticed a two-headed ogre
 11757 | D:11     | Killed a two-headed ogre
 11758 | D:11     | Reached skill level 5 in Short Blades
 11758 | D:11     | Reached skill level 5 in Transmutations
 11814 | D:11     | Found a gate leading to a gauntlet.
 11869 | D:11     | Reached skill level 6 in Transmutations
 11910 | D:11     | Identified 2 potions of enlightenment
 11919 | Gauntlet | Entered a Gauntlet
 11919 | Gauntlet | Noticed a tengu warrior
 11919 | Gauntlet | Found a transporter.
 11923 | Gauntlet | Found a transporter.
 11924 | Gauntlet | Found a transporter.
 11938 | Gauntlet | Found a transporter.
 11940 | Gauntlet | Found a transporter.
 11943 | Gauntlet | Noticed a catoblepas
 11954 | Gauntlet | Found a transporter.
 11962 | Gauntlet | Found a runed translucent door.
 11966 | Gauntlet | Found a transporter.
 11966 | Gauntlet | Noticed a green ugly thing
 11966 | Gauntlet | Noticed a glowing orange brain
 11970 | Gauntlet | Noticed a white ugly thing
 11973 | Gauntlet | Found a transporter.
 11983 | Gauntlet | Noticed a great orb of eyes
 11986 | Gauntlet | Found a transporter.
 11986 | Gauntlet | Noticed a red ugly thing
 11987 | Gauntlet | Found the +2 hood of the Assassin {Detect Stab+ Stlth++}
 11990 | Gauntlet | Found a transporter.
 11991 | Gauntlet | Noticed a cyan ugly thing
 11998 | Gauntlet | Noticed a shining eye
 12011 | Gauntlet | Noticed a thrashing horror
 12014 | Gauntlet | Found a transporter.
 12018 | Gauntlet | Found a transporter.
 12020 | Gauntlet | Found a transporter.
 12054 | Gauntlet | Found a transporter.
 12113 | Gauntlet | Killed a tengu warrior
 12114 | Gauntlet | Reached skill level 6 in Short Blades
 12119 | Gauntlet | Identified the +2 rapier of Ezufuhoa {freeze, Int+4 Dex+4}
 12205 | Gauntlet | Killed a shining eye
 12205 | Gauntlet | Reached **** piety under Sif Muna
 12206 | Gauntlet | Reached skill level 7 in Transmutations
 12214 | Gauntlet | Identified the +0 pair of boots "Fitax" {rPois rF+}
 12270 | Gauntlet | Killed a cyan ugly thing
 12281 | Gauntlet | Identified the +7 glaive "Hizat" {speed, *Slow rC++ Int+2
                  | SInv}
 12281 | Gauntlet | Identified the +2 ring mail of the Learner {rElec}
 12281 | Gauntlet | Noticed a minotaur
 12317 | Gauntlet | Killed a minotaur
 12318 | Gauntlet | Reached skill level 1 in Long Blades
 12339 | Gauntlet | Got a vellum book
 12344 | Gauntlet | Got a shiny book
 12821 | D:11     | Reached skill level 2 in Long Blades
 13075 | D:11     | Noticed a boulder beetle
 13314 | D:11     | Noticed a two-headed ogre
 13366 | D:11     | Reached skill level 8 in Transmutations
 13425 | D:11     | Found an ancient bone altar of Kikubaaqudgha.
 13988 | D:11     | Killed a boulder beetle
 13989 | D:11     | Reached skill level 3 in Long Blades
 14199 | D:11     | Killed a two-headed ogre
 14490 | Lair:1   | Entered Level 1 of the Lair of Beasts
 14756 | Lair:1   | Reached skill level 4 in Long Blades
 14789 | Lair:1   | Reached skill level 9 in Transmutations
 14795 | Lair:1   | Reached XP level 12. HP: 62/62 MP: 17/28
 15239 | Lair:1   | Identified a potion of brilliance
 15268 | Lair:1   | Reached skill level 3 in Fighting
 15358 | Lair:1   | Reached skill level 5 in Long Blades
 15711 | Lair:2   | Identified a potion of invisibility
 15717 | Lair:2   | Noticed a six-headed hydra
 15729 | Lair:2   | Killed a six-headed hydra
 15800 | Lair:2   | Reached skill level 4 in Fighting
 15934 | Lair:2   | Noticed a seven-headed hydra
 15984 | Lair:2   | Reached skill level 6 in Long Blades
 16340 | Lair:2   | Reached skill level 5 in Fighting
 16457 | Lair:2   | HP: 3/68 [wolf (5)]
 16458 | Lair:2   | Slain by a wolf

Illustrated notes

Levels and vault maps discovered:
D:1:      heliophobic_arrival_battle_scene, layout_loops_ring,
          serial_park_tiny_1
D:2:      layout_rooms, grunt_ministairs_3
D:3:      layout_basic, overflow_temple_1_default,
          hellmonk_ecumenical_altar_arch_garden, uniq_sigmund
D:4:      layout_rooms, led_sif_book
D:5:      layout_rooms
D:6:      minmay_chambers_of_fours, layout_loops_ring, zin_purify,
          minmay_temple_entry_offerings, serial_shops, shop,
          nicolae_underground_beach
D:7:      layout_gridville, mainiacjoe_overflow_small_starburst,
          dreamdust_mushroom_princess, uniq_crazy_yiuf_cottage, uniq_pikel
D:8:      layout_basic, mainiacjoe_overflow_big_doors, lair_entry_dummy,
          minivault_14, uniq_prince_ribbit1, uniq_grum
D:9:      layout_gridville, kennysheep_windowed_goal, uniq_jeremiah
D:10:     layout_basic, tso_altar, erik_orc_4, minmay_fractal_squares_gapless_5
D:11:     layout_layer_cave, gauntlet_entry_generic, kiku_gazebo_pond_becter
D:12:     layout_basic, uniq_kirke, uniq_erolcha
Lair:1:   layout_cave_pods, infiniplex_staircase_pool_2
Lair:2:   gammafunk_lair_enchanted_lake, layout_chaotic_city, grunt_megastairs_1

Skill      XL: |  1  2  3  4  5  6  7  8  9 10 11 12 |
---------------+-------------------------------------+-----
Stealth        | 1 2 3 5 9 10 | 10.0
Short Blades   | 4 6 |  6.8
Spellcasting   | 5 6 7 10 | 10.0
Conjurations   | 4 5 7 10 | 10.0
Necromancy     | 2 4 |  4.0
Translocations | 2 |  2.0
Ice Magic      | 3 4 |  4.2
Fighting       | 2 5 |  5.2
Dodging        | 5 |  5.0
Hexes          | 1 6 |  6.3
Transmutations | 4 9 |  9.0
Long Blades    | 4 6 |  6.7

Action                     |  1- 3 |  4- 6 |  7- 9 | 10-12 || total
---------------------------+-------+-------+-------+-------++-------
  Melee: Short sword       |    95 |       |       |       ||    95
         Rapier            |    33 |    22 |    65 |   267 ||   387
         Punch             |     1 |       |     1 |     3 ||     5
         Dagger            |       |       |     3 |    19 ||    22
  Throw: Dart              |       |       |       |     4 ||     4
   Cast: Kiss of Death     |     4 |     1 |       |     4 ||     9
         Magic Dart        |     2 |    55 |   109 |    97 ||   263
         Searing Ray       |       |     7 |    38 |    61 ||   106
         Momentum Strike   |       |     2 |     3 |     5 ||    10
         Frozen Ramparts   |       |       |     3 |    34 ||    37
         Tukima's Dance    |       |       |       |     5 ||     5
         Vampiric Draining |       |       |       |     4 ||     4
  Evoke: Wand              |       |       |       |     5 ||     5
    Use: Scroll            |       |     4 |     8 |    11 ||    23
         Potion            |       |       |     2 |     5 ||     7
   Stab: Sleeping          |     7 |     1 |     3 |     5 ||    16
 Armour: Leather armour    |    64 |     8 |       |       ||    72
         Robe              |       |     4 |    41 |       ||    45
         Troll leather arm |       |       |    79 |   419 ||   498
  Dodge: Dodged            |    61 |    24 |    97 |   335 ||   517

Table legend: (Time is in decaauts)
 A = Elapsed time spent in this place.
 B = Non-inter-level travel time spent in this place.
 C = Inter-level travel time spent in this place.
 D = Time resting spent in this place.
 E = Time spent auto-exploring this place.
 F = Levels seen in this place.
 G = Mean time per level.
                   A        B        C        D        E       F      G
               +--------+--------+--------+--------+--------+-----+--------+
         Total |  16437 |  15727 |    710 |   3483 |   9128 |  15 | 1095.8 |
       Dungeon |  14069 |  13406 |    663 |   3131 |   7938 |  12 | 1172.4 |
          Lair |   1963 |   1916 |     47 |    352 |   1190 |   2 |  981.5 |
      Gauntlet |    404 |    404 |      0 |      0 |      0 |   1 |  404.0 |
               +--------+--------+--------+--------+--------+-----+--------+

Top non-repeatable levels by time:
    D:11: 2268 daAuts
     D:8: 1651 daAuts
     D:9: 1613 daAuts
     D:6: 1550 daAuts
    D:10: 1453 daAuts
     D:7: 1314 daAuts
  Lair:1: 1212 daAuts
     D:4: 967 daAuts
     D:3: 959 daAuts
     D:1: 787 daAuts
     D:5: 781 daAuts
  Lair:2: 751 daAuts
     D:2: 720 daAuts
Gauntlet: 404 daAuts
    D:12: 1 daAuts
